 Dungeon Crawl Stone Soup version 0.20-a0-443-g0464b71 (webtiles) character file.

214 HarryHood the Cudgeler (level 5, 0/34 HPs)
             Began as a Gargoyle Berserker on Jan 7, 2017.
             Was a Believer of Trog.
             Slain by a jackal (2 damage)
             ... on level 3 of the Dungeon.
             The game lasted 00:10:38 (2535 turns).

HarryHood the Cudgeler (Gargoyle Berserker)         Turns: 2535, Time: 00:10:39

Health: 0/34       AC: 21    Str: 20    XL:     5   Next: 92%
Magic:  5/5        EV: 10    Int:  8    God:    Trog [**....]
Gold:   124        SH:  0    Dex: 10    Spells: 4/4 levels left

rFire  . . .     SeeInvis .     b - +0 flail (protect)
rCold  . . .     Gourm    .     g - +0 scale mail
rNeg   + . .     Faith    .     (no shield)
rPois  ∞         Spirit   .     i - +0 helmet
rElec  +         Reflect  .     (no cloak)
rCorr  .         Harm     .     j - +0 pair of gloves
MR     .....                    e - +0 pair of boots
Stlth  ..........               (no amulet)
                                (no ring)
                                (no ring)

@: protection aura
A: negative energy resistance 1, electricity resistance, unbreathing,
petrification resistance, rot immunity, AC +4
a: Berserk, Trog's Hand, Burn Spellbooks, Renounce Religion


You were on level 3 of the Dungeon.
You worshipped Trog.
Trog was pleased with you.
You were not hungry.

You visited 1 branch of the dungeon, and saw 3 of its levels.

You collected 124 gold pieces.

Inventory:

Hand Weapons
 b - a +0 flail of protection (weapon)
 k - a +0 whip of electrocution
 q - a +0 whip of pain
Missiles
 f - 2 tomahawks (quivered)
Armour
 e - a +0 pair of boots (worn)
 g - a +0 scale mail (worn)
 i - a +0 helmet (worn)
 j - a +0 pair of gloves (worn)
 s - a +0 cloak
Wands
 a - a wand of paralysis (11/24)
Scrolls
 n - a scroll of teleportation {@r0}
Potions
 d - a potion of ambrosia
 h - a potion of heal wounds {@q1}
 l - a potion of might {unknown}
 m - a potion of agility {unknown}
 r - a potion of lignification {unknown}
Comestibles
 c - a bread ration {@e1}
 o - 2 meat rations {@e1}
 p - 2 chunks of flesh


   Skills:
 + Level 4.4 Fighting
 * Level 4.6 Maces & Flails
 + Level 3.9 Armour
 - Level 2.0 Dodging


You had 4 spell levels left.
You didn't know any spells.

Dungeon Overview and Level Annotations

Branches:
Dungeon (3/15)

Altars:
Qazlal
Sif Muna


Innate Abilities, Weirdness & Mutations

You are resistant to torment.
Your stone body is resilient. (AC +4)
You are immune to poison.
You resist negative energy. (rN+)
You are resistant to electric shocks. (rElec)
You can survive without breathing.
You are immune to petrification.
You are immune to rotting.


Message History

Trog appreciates your killing of a magic user.
Natasha yowls pathetically as she dies!
The jackal moves out of view.
A jackal comes into view.
You see here a trident.
Some of the chunks of flesh in your inventory have rotted away.
The jackal bites you.
* * * LOW HITPOINT WARNING * * *
The jackal bites you but does no damage.
The jackal closely misses you.
Found 11 gold pieces.
Found a stone staircase leading down.
You hit the jackal.
Your weapon exudes an aura of protection.
The jackal is almost dead.
The jackal bites you but does no damage.
The jackal barely misses you. The jackal closely misses you.
You closely miss the jackal.
The jackal is almost dead.
The jackal barely misses you. The jackal bites you.
You die...

#### #### ########...
#.. ........... #>.
........... #$#
#....... #h####
#....... #@h..#
#....### ####.#
##....#.. #.#
.#........
#.###.#........
########.....#........
#............#........
#............#........
#........_...#........
#.........##########..


You could see 2 jackals.

Vanquished Creatures
  Ijyb (D:3)
  Natasha (twice) (D:3)
  4 gnolls (D:2)
  3 adders
  A dart slug (D:1)
  2 leopard geckos
  5 orcs (D:3)
  4 giant cockroaches
  4 goblins
  7 hobgoblins
  6 jackals
  8 kobolds
  A quokka (D:2)
  2 ball pythons (D:2)
  7 bats
  5 frilled lizards
  3 rats
65 creatures vanquished.

Notes
Turn   | Place    | Note
-------+----------+-------------------------------------------
     0 | D:1      | HarryHood the Gargoyle Berserker began the quest for the Orb.
     0 | D:1      | Reached XP level 1. HP: 14/14 MP: 1/1
   180 | D:1      | Reached XP level 2. HP: 3/19 MP: 2/2
   803 | D:1      | Reached XP level 3. HP: 22/23 MP: 3/3
  1062 | D:2      | Reached skill level 2 in Dodging
  1173 | D:2      | Reached ** piety under Trog
  1235 | D:2      | Reached skill level 3 in Armour
  1235 | D:2      | Reached XP level 4. HP: 11/29 MP: 4/4
  1470 | D:2      | Reached skill level 4 in Maces & Flails
  1543 | D:2      | Noticed a fire elemental
  1544 | D:2      | Found a stormy altar of Qazlal.
  1546 | D:2      | Noticed a water elemental
  1547 | D:2      | Noticed an air elemental
  1547 | D:2      | Noticed an earth elemental
  1616 | D:2      | Reached skill level 4 in Fighting
  2038 | D:2      | Reached XP level 5. HP: 33/33 MP: 5/5
  2402 | D:3      | Noticed Ijyb
  2448 | D:3      | Noticed Natasha
  2449 | D:3      | Found a deep blue altar of Sif Muna.
  2474 | D:3      | HP: 3/33 [Natasha (3)]
  2480 | D:3      | Killed Ijyb
  2484 | D:3      | HP: 3/33 [Natasha/magic dart (4)]
  2485 | D:3      | Killed Natasha
  2510 | D:3      | Noticed Natasha
  2513 | D:3      | HP: 1/34 [Natasha/magic dart (5)]
  2514 | D:3      | Killed Natasha
  2526 | D:3      | HP: 1/34 [jackal (2)]
  2535 | D:3      | Slain by a jackal

Vault maps used:
D:1:      doesnt_arrival_goblin_jail, minmay_misc_feat_pillars
D:2:      nicolae_qazlal_style_of_elements
D:3:      overflow_temple_1_default, uniq_iyjb, uniq_natasha

Skill      XL: |  1  2  3  4 |
---------------+-------------+-----
Dodging        | 2 |  2.0
Armour         | 3 |  3.9
Maces & Flails | 4 |  4.6
Fighting       | 4 |  4.4

Action                   |  1- 3 |  4- 6 || total
-------------------------+-------+-------++-------
Melee: Mace              |   120 |    13 ||   133
       Flail             |       |   129 ||   129
       Whip              |       |    16 ||    16
Throw: Tomahawk          |       |     1 ||     1
Invok: Berserk           |     1 |     1 ||     2
       Trog's Hand       |       |     1 ||     1
  Use: Scroll            |     2 |     5 ||     7
  Eat: Chunk             |     1 |     7 ||     8
Armor: Animal skin       |    42 |       ||    42
       Scale mail        |     8 |   146 ||   154
Dodge: Dodged            |    81 |   136 ||   217
